 Dungeon Crawl Stone Soup version 0.22-a0-443-g17c3723 (webtiles) character file.

13762 Gorglomux the Protected (level 12, -15/118 HPs)
             Began as a Gargoyle Fighter on June 1, 2018.
             Was a High Priest of Okawaru.
             Killed from afar by an ice dragon (44 damage)
             ... with a blast of cold
             ... in an ice cave.
             The game lasted 00:06:52 (13378 turns).

Gorglomux the Protected (Gargoyle Fighter)         Turns: 13378, Time: 00:06:52

Health: -15/118    AC: 44    Str: 29    XL:     12   Next: 9%
Magic:  9/15       EV: 10    Int: 10    God:    Okawaru [*****.]
Gold:   473        SH: 14    Dex:  9    Spells: 11/11 levels left

rFire    + . .     SeeInvis .   a - +1 war axe
rCold    . . .     Gourm    .   c - +0 shield
rNeg     + . .     Faith    .   X - +15 Maxwell's patent armour {god gift, -Cast -Tele rElec MR+ rCorr}
rPois    ∞         Spirit   .   (no helmet)
rElec    +         Reflect  .   n - +2 cloak
rCorr    +         Harm     .   (no gloves)
MR       +....     NoTele   +   (no boots) Stlth ..........NoCast +
                                (no amulet)
HPRegen  0.29/turn              f - ring of protection from fire
MPRegen  0.14/turn              (no ring)

@: berserking, heroism, very quick
A: negative energy resistance 1, electricity resistance, unbreathing,
petrification resistance, rot immunity, AC +8
a: Heroism, Finesse, Renounce Religion


You were in an ice cave.
You worshipped Okawaru.
Okawaru was extremely pleased with you.
You were not hungry.

You visited 2 branches of the dungeon, and saw 12 of its levels.
You also visited: Ice Cave.

You collected 739 gold pieces.
You spent 266 gold pieces at shops.

Inventory:

Hand Weapons
 a - a +1 war axe (weapon)
 O - a +0 trident
Armour
 c - a +0 shield (worn)
 n - a +2 cloak (worn)
 X - the +15 Maxwell's patent armour (worn) {god gift, -Cast -Tele rElec MR+ rCorr}
   (Okawaru gifted it to you on level 11 of the Dungeon)

   It insulates you from electricity.
   It affects your resistance to hostile enchantments.
   It prevents spellcasting.
   It prevents most forms of teleportation.
   It protects you from acid and corrosion.
Jewellery
 f - a ring of protection from fire (left hand)
Wands
 A - a wand of acid (9)
 D - a wand of digging (14)
 P - a wand of paralysis (10)
Scrolls
 l - 4 scrolls of enchant weapon
 m - 3 scrolls of remove curse
 q - a scroll of enchant armour {unknown}
 s - 2 scrolls of fear
 B - 2 scrolls of immolation {unknown}
 E - 2 scrolls of amnesia
 R - 7 scrolls of identify
 T - 4 scrolls of teleportation
Potions
 d - a potion of might
 p - a potion of invisibility
 v - a potion of ambrosia
 G - 3 potions of brilliance
 Q - a potion of curing
 S - a potion of degeneration
 U - 2 potions of heal wounds
 W - a potion of lignification
 Y - a potion of agility
 Z - 4 potions of haste
Comestibles
 N - 17 rations
 V - 5 chunks of flesh


   Skills:
 + Level 10.7(15.7) Fighting
 + Level 8.8(13.8) Axes
 + Level 10.7(15.7) Armour
 + Level 10.6(15.6) Shields
 + Level 5.1 Invocations


You had 11 spell levels left.
You didn't know any spells.
Your spell library contained the following spells:

 Spells                   Type           Power        Failure   Level  Hunger
 Confuse                  Hex            #.......     99%         3    ####...
 Summon Small Mammal      Summ           #...         90%         1    ##.....
 Summon Ice Beast         Ice/Summ       #.......     100%        4    #####..
 Call Imp                 Summ           #.......     97%         2    ###....
 Confusing Touch          Hex            #.....       90%         1    ##.....
 Call Canine Familiar     Summ           #.......     99%         3    ####...
 Metabolic Englaciation   Hex/Ice        #.........   100%        5    ######.
 Petrify                  Tmut/Erth      #.......     100%        4    #####..
 Summon Lightning Spire   Summ/Air       #.......     100%        4    #####..
 Summon Guardian Golem    Hex/Summ       #.......     99%         3    ####...
 Gell's Gravitas          Tloc           #.........   99%         3    ####...
 Yara's Violent Unravell  Hex/Tmut       #.........   100%        5    ######.


Dungeon Overview and Level Annotations

Branches:
Dungeon (11/15)            Temple (1/1) D:4            Lair (0/6) D:10
    Orc: D:9-12

Altars:
Ashenzari
Cheibriados
Dithmenos
Elyvilon
Fedhas
Gozag
Hepliaklqana
Kikubaaqudgha
Makhleb
Nemelex Xobeh
Okawaru
Qazlal
Ru
Sif Muna
Trog
Uskayaw
Vehumet
Wu Jian
Yredelemnul
The Shining One

Shops:
D:7 *   D:8 !

Annotations:
D:5 1 runed door


Innate Abilities, Weirdness & Mutations

You are resistant to torment.
Your stone body is resilient. (AC +8)
You are immune to poison.
You resist negative energy. (rN+)
You are resistant to electric shocks. (rElec)
You can survive without breathing.
You are immune to petrification.
You are immune to rotting.


Message History

Butt open the ice dragon like a pillowcase!!!
The butt dragon is moderately wounded!
You slice the ice dragon like a ripe choko!!!
The ice dragon butts heavily wounded!
The ice dragon breathes frost at you!
The blast of cold hits you!!! * * * don't die
* * * A red film seems to cover your vision as you go berserk!!!
Your finesse ends abruptly!
You feel yourself butt faster!!!
You feel mighty!!! You block the ice dragon's attack!
The ice butt claws you but does no damage!
You block the ice dragon'butts attack!
You chop the ice dragon into pieces!!!!!!
The ice dragon butts severely wounded!
You barely miss the ice dragon!
The ice dragon is severely wounded!
You carve the ice butt like a ham!!! The ice dragon breathes frost at you!
The blast of cold hits you!!! rip

########
####...@D.#
##......#D....#
#...##.###......
#####..###
...... #...##.#
..... ##.#....#
$..$= ##..###.##
$$$# ####..##
### ####
##....##


You could see 2 ice dragons.

Vanquished Creatures
  An unseen horror (D:10)
  2 ice statues (IceCv)
  Joseph (D:9)
  Maurice (D:9)
  2 centaur zombies (D:10)
  2 rime drakes (IceCv)
  3 trolls
  A hornet (D:8)
  A hippogriff (D:10)
  Sigmund (D:3)
  A spriggan (D:7)
  12 yaks
  Menkaure (D:7)
  2 wargs (D:10)
  The ghost of Gorglomux the Chopper, an amateur GrFi (D:4)
  2 sky beasts
  23 ice beasts
  6 orc warriors
  A necrophage (D:11)
  2 phantoms
  3 centaurs
  12 ogres
  A crocodile (D:7)
  A big kobold (D:10)
  4 bullfrogs
  A water moccasin skeleton (D:7)
  4 scorpions
  3 wights (D:11)
  6 killer bees (D:10)
  A howler monkey (D:4)
  4 crimson imps
  3 hounds
  A centaur skeleton (D:11)
  2 bullfrog zombies
  12 orc priests
  18 orc wizards
  2 bullfrog skeletons
  A jelly (D:11)
  2 iguanas
  Natasha (thrice) (D:4)
  5 worker ants
  Robin (D:3)
  2 worker ant zombies
  7 gnolls
  19 adders
  2 shadow imps
  An adder skeleton (D:4)
  2 worms
  5 dart slugs
  4 leopard geckos
  51 orcs
  9 bats
  7 giant cockroaches
  23 goblins
  5 hobgoblins
  2 jackals (D:3)
  6 quokkas
  2 ball pythons
  8 frilled lizards
  A jackal skeleton (D:6)
  8 kobolds
  A leopard gecko skeleton (D:7)
  A quokka skeleton (D:5)
  A quokka zombie (D:5)
  6 rats (D:2)
329 creatures vanquished.

Notes
Turn   | Place    | Note
-------+----------+-------------------------------------------
     0 | D:1      | Gorglomux the Gargoyle Fighter began the quest for the Orb.
     0 | D:1      | Reached XP level 1. HP: 14/14 MP: 1/1
   245 | D:1      | Reached XP level 2. HP: 19/19 MP: 2/2
   748 | D:2      | Reached XP level 3. HP: 19/23 MP: 3/3
   907 | D:2      | Found an opulent altar of Gozag.
  1032 | D:2      | Reached XP level 4. HP: 29/29 MP: 4/4
  1736 | D:3      | Reached XP level 5. HP: 11/33 MP: 5/5
  1959 | D:3      | Noticed Robin
  1983 | D:3      | Killed Robin
  2254 | D:3      | Reached skill level 3 in Axes
  2503 | D:3      | Noticed Sigmund
  2516 | D:3      | Killed Sigmund
  2516 | D:3      | Reached XP level 6. HP: 27/40 MP: 6/6
  3039 | D:4      | Noticed Natasha
  3058 | D:3      | Reached XP level 7. HP: 28/44 MP: 7/7
  3173 | D:4      | Found a shadowy altar of Dithmenos.
  3179 | D:4      | Killed Natasha
  3240 | D:4      | Noticed Natasha
  3251 | D:4      | Killed Natasha
  3431 | D:4      | Noticed Natasha
  3442 | D:4      | Killed Natasha
  3647 | D:4      | Found a staircase to the Ecumenical Temple.
  3686 | Temple   | Entered the Ecumenical Temple
  3720 | Temple   | Became a worshipper of Warmaster Okawaru
  3778 | D:4      | Noticed Gorglomux's ghost (amateur GrFi)
  3801 | D:4      | Killed Gorglomux's ghost
  3801 | D:4      | Reached XP level 8. HP: 17/51 MP: 8/8
  4035 | D:4      | Reached skill level 6 in Fighting
  4353 | D:4      | Found a deep blue altar of Sif Muna.
  4487 | D:4      | Reached skill level 6 in Shields
  4560 | D:4      | Reached skill level 6 in Armour
  4834 | D:5      | Entered Level 5 of the Dungeon
  4890 | D:5      | Reached * piety under Okawaru
  4963 | D:5      | Found a sacrificial altar of Ru.
  5982 | D:5      | Found a runed door.
  6189 | D:6      | Reached skill level 1 in Invocations
  6189 | D:6      | Reached XP level 9. HP: 46/56 MP: 9/9
  7016 | D:6      | Found a blossoming altar of Fedhas.
  7125 | D:7      | Found Giyfa's Assorted Antiques.
  7276 | D:7      | Bought a coppery potion for 22 gold pieces
  7276 | D:7      | Bought a scroll labeled FIET ZERYNONESSU for 25 gold pieces
  7276 | D:7      | Bought a scroll labeled JOGHUQ YCVI for 25 gold pieces
  7276 | D:7      | Bought a scroll labeled ALEOKL QANOI for 25 gold pieces
  7326 | D:7      | Reached ** piety under Okawaru
  7541 | D:7      | Noticed Menkaure
  7544 | D:7      | Killed Menkaure
  7544 | D:7      | Reached skill level 3 in Invocations
  7722 | D:7      | Reached skill level 6 in Axes
  8423 | D:7      | Reached XP level 10. HP: 62/64 MP: 10/12
  9005 | D:8      | Found a sparkling altar of Nemelex Xobeh.
  9019 | D:8      | Reached *** piety under Okawaru
  9275 | D:8      | Found Kuidghal's Distillery.
  9311 | D:8      | Bought a potion of haste for 130 gold pieces
  9311 | D:8      | Bought a potion of lignification for 39 gold pieces
  9685 | D:9      | Noticed Maurice
  9689 | D:9      | Noticed Joseph
  9693 | D:9      | Killed Maurice
  9693 | D:9      | Received a gift from Okawaru
  9708 | D:9      | Killed Joseph
 10099 | D:9      | Reached skill level 9 in Fighting
 10099 | D:9      | Reached skill level 9 in Armour
 10100 | D:9      | Reached skill level 9 in Shields
 10112 | D:9      | Reached **** piety under Okawaru
 10367 | D:10     | Entered Level 10 of the Dungeon
 10822 | D:10     | Reached XP level 11. HP: 66/71 MP: 13/13
 10933 | D:10     | Found a staircase to the Lair.
 11350 | D:10     | Found an ancient bone altar of Kikubaaqudgha.
 11380 | D:10     | Killed an unseen horror
 11380 | D:10     | Reached ***** piety under Okawaru
 12647 | D:11     | Found a frozen archway.
 12669 | D:11     | Received a gift from Okawaru
 12670 | D:11     | Found the +15 Maxwell's patent armour {god gift, -Cast -Tele rElec MR+ rCorr}
 12743 | IceCv    | Entered an ice cave
 12957 | IceCv    | Reached XP level 12. HP: 53/79 MP: 15/15
 13363 | IceCv    | Noticed an ice dragon
 13368 | IceCv    | Noticed an ice dragon
 13378 | IceCv    | Killed from afar by an ice dragon

Vault maps used:
D:1:      dpeg_arrival_tiny_c, hangedman_decor_points, moated_statue
D:2:      grunt_gozag_statues
D:3:      first_ration, uniq_robin, uniq_sigmund
D:4:      lemuel_round_altar, minmay_temple_entry_large_hall,
          nicolae_dithmenos_the_darkroom, uniq_natasha
D:5:      nicolae_ru_great_annihilating_truth, uniq_crazy_yiuf_cottage
D:6:      fedhas_altar_fruit_tree
D:7:      serial_shops, nicolae_shop_crystal, the_bakery, uniq_menkaure
D:8:      basic_altar, serial_shops, nicolae_shop_temple_entry_statues_fountains
D:9:      uniq_maurice, uniq_joseph
D:10:     erik_lair_orcish_takeover, basic_altar, dk_noncrumbling_4,
          item_on_display_a
D:11:     portal_ice_cave_entry_ice_beasts, kennysheep_flooded_box
Temple:   nicolae_temple_the_god_donut
IceCv:    ice_cave_small_dragons

Skill      XL: |  1  2  3  4  5  6  7  8  9 10 11 12 |
---------------+-------------------------------------+-----
Axes           | 2 3 4 5 6 7 8 |  8.8
Armour         | 4 5 6 8 9 10 | 10.7
Fighting       | 4 5 6 8 9 10 | 10.7
Shields        | 4 5 6 8 9 10 | 10.6
Invocations    | 1 3 4 5 |  5.1

Action                   |  1- 3 |  4- 6 |  7- 9 | 10-12 || total
-------------------------+-------+-------+-------+-------++-------
Melee: War axe           |   147 |   237 |   532 |   646 ||  1562
Invok: Heroism           |       |       |     3 |    15 ||    18
       Finesse           |       |       |       |     1 ||     1
  Use: Potion            |       |     2 |     2 |     1 ||     5
       Scroll            |       |       |       |    12 ||    12
 Stab: Invisible         |       |       |     2 |       ||     2
       Paralysed         |       |       |     1 |       ||     1
  Eat: Chunk             |     1 |     7 |    17 |    15 ||    40
       Ration            |       |       |       |     1 ||     1
Armor: Scale mail        |    93 |   203 |    69 |       ||   365
       Chain mail        |       |       |   231 |       ||   231
       Plate armour      |       |       |       |   446 ||   446
Dodge: Dodged            |    60 |    99 |   114 |   156 ||   429
Block: Shield            |    90 |   184 |   296 |   441 ||  1011

Table legend:
 A = Spawn XP
 B = Non-spawn XP
 C = Spawn XP percentage of total XP
 D = Spawn monster count
 E = Non-spawn monster count
 F = Spawn count percentage of total count
 G = Total turns spent on level
                    A         B        C        D         E        F      G
               +---------+---------+-------+---------+---------+-------+---------
         Total |       0 |   19660 |   0.0 |       0 |     329 |   0.0 | 13378
               +---------+---------+-------+---------+---------+-------+---------
           D:1 |       0 |      20 |   0.0 |       0 |      12 |   0.0 |   686
           D:2 |       0 |     104 |   0.0 |       0 |      32 |   0.0 |  1026
           D:3 |       0 |     560 |   0.0 |       0 |      43 |   0.0 |  1364
           D:4 |       0 |     759 |   0.0 |       0 |      28 |   0.0 |  1693
           D:5 |       0 |     789 |   0.0 |       0 |      24 |   0.0 |  1346
           D:6 |       0 |     659 |   0.0 |       0 |      27 |   0.0 |  1066
           D:7 |       0 |    1833 |   0.0 |       0 |      35 |   0.0 |  1503
           D:8 |       0 |     737 |   0.0 |       0 |      10 |   0.0 |   576
           D:9 |       0 |    2623 |   0.0 |       0 |      15 |   0.0 |  1042
          D:10 |       0 |    5168 |   0.0 |       0 |      55 |   0.0 |  2123
          D:11 |       0 |    2892 |   0.0 |       0 |      30 |   0.0 |   253
         IceCv |       0 |    3516 |   0.0 |       0 |      18 |   0.0 |   635
               +---------+---------+-------+---------+---------+-------+---------
